 Dungeon Crawl Stone Soup version 0.29-a0-870-g2c972031a6 (webtiles) character file.

Game seed: 10682971989620757607

4 brrrryyyyyynnnn the Chiller (level 1, -6/14 HPs)
             Began as a Draconian Ice Elementalist on July 17, 2022.
             Mangled by a kobold
             ... wielding a +0 whip of electrocution
              (20 damage)
             ... on level 1 of the Dungeon.
             The game lasted 00:01:00 (152 turns).

brrrryyyyyynnnn the Chiller (DrIE)                   Turns: 152, Time: 00:01:01

Health: -6/14      AC:  4    Str: 10    XL:     1   Next: 50%
Magic:  2/3        EV: 12    Int: 15    God:
Gold:   0          SH:  0    Dex: 11    Spells: 3/4 levels left

rFire   x . .      SeeInvis .   (no weapon)
rCold   + . .      Faith    .   (no shield)
rNeg    . . .      Spirit   .   (body armour unavailable)
rPois   .          Reflect  .   (helmet restricted)
rElec   .          Harm     .   (no cloak)
rCorr   .          Rampage  .   (no gloves)
Will    .....                   (no boots)
Stlth   ++........              (no amulet)
HPRegen 0.04/turn               d - ring of ice
MPRegen 0.08/turn               (no ring)

@: no status effects
A: AC +4, unfitting armour, cold-blooded
a: no special abilities


You were on level 1 of the Dungeon.
You visited 1 branch of the dungeon, and saw 1 of its levels.

Inventory:

Jewellery
 d - a ring of ice (left hand)
Scrolls
 b - a scroll of teleportation {unknown}
Potions
 a - a potion of magic
 c - a potion of resistance {unknown}


   Skills:
 + Level 1.7 Dodging
 + Level 1.7 Stealth
 + Level 2.0 Spellcasting
 + Level 4.2 Ice Magic


You had 3 spell levels left.
You knew the following spells:

 Your Spells              Type           Power      Damage    Failure   Level
a - Freeze                Ice            84%        1d10      4%          1

Your spell library contained the following spells:

 Spells                   Type           Power      Damage    Failure   Level
 Frozen Ramparts          Ice            42%        1d6       12%         3
 Ozocubu's Armour         Ice            21%        N/A       12%         3
 Hailstorm                Conj/Ice       11%        3d5       67%         4


Dungeon Overview and Level Annotations

Branches:
Dungeon (1/15)

Altars:


Innate Abilities, Weirdness & Mutations

Your plain brown scales are hard. (AC +4)
You cannot fit into any form of body armour.
You are cold-blooded and may be slowed by cold attacks.


Message History

Magic restored.
HP restored.
A giant cockroach comes into view.
You open the door.
There is an open door here.
d - a ring of ice Unknown command.
Okay, then.
Okay, then.
You aren't carrying any wearable armour.
You are a level 1 Draconian Ice Elementalist.
You are 41% of the way to level 2.
Play time: 00:00:42 (142 turns).
Zot will find you in 5858 turns if you stay in this branch and explore no new floors.
Unknown command.
Unknown command.
Okay, then.
What are your orders? t - Shout!
Orders for allies: a - Attack new target. r - Retreat! s - Stop attacking. g - Guard the area. f - Follow me.
Anything else - Cancel.
Okay, then.
You feel more attuned to ice.
d - a ring of ice (left hand)
There is an open door here.
A frilled lizard and a kobold come into view.
The kobold is wielding a +0 whip of electrocution.
Casting: Freeze (safe; 4% risk of failure)
Confirm with . or Enter, or press ? or * to list all spells.
Aiming: Freeze (safe; 4% risk of failure)
Press: ? - help, Shift-Dir - straight line, f - frilled lizard
Aim: a frilled lizard (asleep)
You feel a surge of power!
You freeze the frilled lizard.
You kill the frilled lizard!
The kobold shouts!
A dart slug comes into view.
A hobgoblin comes into view.
The kobold hits you but does no damage.
You are electrocuted!!
Ouch! That really hurt!
You die...

## ##. ## ..# .# w.
.# ##.#g# #..K.# #
###..@.##.#
##.....†.#.#
#......#...#
#........###
#########....#
#.......#.##.#
+.>.>.>.'.##.####
#.......#.......#
############..#.####


You could see a dart slug, a hobgoblin (wandering) and a kobold.

Vanquished Creatures
  A dart slug (D:1)
  A frilled lizard (D:1)
  A rat (D:1)
3 creatures vanquished.

Notes
Turn   | Place    | Note
-------+----------+-------------------------------------------
     0 | D:1      | brrrryyyyyynnnn the Draconian Ice Elementalist began the
                  | quest for the Orb.
     0 | D:1      | Reached XP level 1. HP: 14/14 MP: 3/3
   152 | D:1      | Mangled by a kobold

Illustrated notes

Levels and vault maps discovered:
D:1:      minmay_arrival_up_and_down, layout_loops_ring,
          chequers_ecumenical_altar_simple_redux

Action                   || total
-------------------------++-------
Melee: Unarmed           ||     1
 Cast: Freeze            ||     5
Armor: Skin              ||     1
Dodge: Dodged            ||     2

Table legend: (Time is in decaauts)
 A = Elapsed time spent in this place.
 B = Non-inter-level travel time spent in this place.
 C = Inter-level travel time spent in this place.
 D = Time resting spent in this place.
 E = Time spent auto-exploring this place.
 F = Levels seen in this place.
 G = Mean time per level.
                   A        B        C        D        E       F      G
               +--------+--------+--------+--------+--------+-----+--------+
         Total |    151 |    151 |      0 |      0 |    111 |   1 |  151.0 |
       Dungeon |    151 |    151 |      0 |      0 |    111 |   1 |  151.0 |
               +--------+--------+--------+--------+--------+-----+--------+

Top non-repeatable levels by time:
     D:1: 151 daAuts
